 Dungeon Crawl Stone Soup version 0.29-a0-409-gd843f3a48c (webtiles) character file.

Game seed: 13717703072528506710

372 exilicon the Grave Robber (level 6, 0/43 (44) HPs)
             Began as a Demonspawn Necromancer on May 14, 2022.
             Was a Priest of Uskayaw.
             Slain by an orc wizard
             ... wielding a +0 dagger
              (1 damage)
             ... on level 5 of the Dungeon.
             The game lasted 00:15:05 (4911 turns).

exilicon the Grave Robber (Demonspawn Necromancer)  Turns: 4911, Time: 00:15:06

HP:   0/43 (44)     AC:  5    Str:  8    XL:     6   Next: 43%
MP:   9/11          EV: 12    Int: 19    God:    Uskayaw [***...]
Gold: 150           SH:  0    Dex: 19    Spells: 1/11 levels left

rFire   . . .      SeeInvis .   e - +1 dagger (drain)
rCold   . . .      Faith    .   (no shield)
rNeg    . . .      Spirit   .   t - +2 robe "Soshob" {Dex+6 Stlth+}
rPois   .          Reflect  .   i - +1 hat
rElec   .          Harm     .   (no cloak)
rCorr   .          Rampage  .   (no gloves)
Will    .....                   (no boots)
Stlth   ++++......              (no amulet)
HPRegen 0.14/turn               (no ring)
MPRegen 0.12/turn               (no ring)

@: lightly drained
A: horns 1, demonic guardian 1, foul stench 1
a: Renounce Religion, Stomp, Line Pass


You were on level 5 of the Dungeon.
You worshipped Uskayaw.
Uskayaw was noncommittal.
You visited 1 branch of the dungeon, and saw 5 of its levels.

You collected 150 gold pieces.

Inventory:

Hand Weapons
 d - a +0 dagger
 e - a +1 dagger of draining (weapon)
 g - a +0 club
 s - a +0 flail of venom
Armour
 a - a +0 robe
 i - a +1 hat (worn)
 k - the +2 robe of Distant Shores {rF+ Will+ Stlth+}
   (You found it on level 2 of the Dungeon)

   rF:        It protects you from fire.
   Will:      It increases your willpower.
   Stlth:     It makes you more stealthy.
 t - the +2 robe "Soshob" (worn) {Dex+6 Stlth+}
   (You found it on level 3 of the Dungeon)

   Dex:       It affects your dexterity (+6).
   Stlth:     It makes you more stealthy.
Jewellery
 q - a ring of flight
 u - a +4 ring of protection
Wands
 v - a wand of polymorph (13)
Scrolls
 c - 3 scrolls of identify {unknown}
 f - a scroll of fear {unknown}
 h - 2 scrolls of teleportation {unknown}
 j - 2 scrolls of enchant weapon {unknown}
 l - 2 scrolls of vulnerability {unknown}
 n - a scroll of enchant armour {unknown}
Potions
 b - a potion of magic
 m - a potion of might {unknown}
 o - a potion of heal wounds {unknown}
 p - a potion of haste {unknown}
 r - a potion of mutation {unknown}


   Skills:
 * Level 1.9 Fighting
 * Level 2.0 Dodging
 * Level 4.0 Stealth
 + Level 3.4 Spellcasting
 + Level 6.0 Necromancy


You had one spell level left.
You knew the following spells:

 Your Spells              Type           Power      Damage    Failure   Level
a - Pain                  Necr           100%       1d9       1%          1
b - Animate Skeleton      Necr           52%        N/A       1%          1
c - Vampiric Draining     Necr           26%        2d7       3%          3
d - Agony                 Necr           26%        N/A       32%         5

Your spell library contained the following spells:

 Spells                   Type           Power      Damage    Failure   Level
 Shock                    Conj/Air       12%        1d3       14%         1
 Animate Dead             Necr           13%        N/A       12%         4
 Swiftness                Air            3%         N/A       41%         3
 Airstrike                Air            1%         N/A       82%         4


Dungeon Overview and Level Annotations

Branches:
Dungeon (5/15)
 Temple: D:4-7

Altars:
Dithmenos
Qazlal
Sif Muna
Uskayaw

Shops:
D:3 =   D:4 *

Annotations:
D:5 1 runed translucent door


Innate Abilities, Weirdness & Mutations

You have a pair of small horns on your head.
A weak demonic guardian rushes to your aid.
You may rarely emit foul miasma when damaged in melee.


Message History

Press: ? - help, Q - select action, (/) - cycle Shift-Dir - straight line, f - orc priest
Aim: an orc priest, wielding a +0 trident (chance to affect: 83%)
Something writhes in agony.
Your iron imp closely misses the necrophage.
Something hits you but does no damage.
The orc priest hits you but does no damage.
Something hits you but does no damage. The necrophage hits you.
You feel drained.
Unknown command.
Aiming: Pain (safe; 1% risk of failure)
Press: ? - help, Q - select action, (/) - cycle Shift-Dir - straight line, f/p - orc priest
Aim: an orc priest, wielding a +0 trident (chance to affect: 83%)
Something writhes in agony.
Your iron imp hits the necrophage but does no damage.
You hear some strange, mumbled words.
A magic dart appears from out of thin air!
The magic dart hits you.
The orc priest hits you from afar with a +0 trident.
Something hits you but does no damage. The necrophage closely misses you.
Uskayaw will force your foes to helplessly watch your dance.
Uskayaw prepares the audience for your solo!
The helpless necrophage fails to defend itself.
You puncture the necrophage!
The necrophage is heavily damaged.
The necrophage is no longer paralysed.
The orc priest is no longer paralysed.
Your iron imp hits the necrophage.
Something hits you but does no damage. Something hits you.
* * * LOW HITPOINT WARNING * * *
The necrophage hits your iron imp but does no damage.
The orc priest hits you from afar with a +0 trident.
* * * LOW HITPOINT WARNING * * *
You catch the helpless necrophage completely off-guard!
You puncture the necrophage!
You destroy the necrophage!
You hear some strange, mumbled words.
A magic dart appears from out of thin air!
The magic dart hits you!
* * * LOW HITPOINT WARNING * * *
The orc priest closely misses you. Something hits you.
You die...

#≈≈S# #...# #≈≈≈#
#....## ###.
#≈≈≈####......##
.P..
##+###.........#
≈...#
#..........#o..
.....#
#.#......##..#
≈.[..####.......#
#..# #.5.{o.......#
#oo#
#..@{####...####..#
#..### ##.####)..#
#..## #..##....#
#...# ##o#.....#
......# #..o.....#
.####.. ##........#
#..## #...###....#
##...## ###..##
##...# #..
#.....###.....##
..##.


You could see an orc priest and a friendly iron imp (summoned).

Vanquished Creatures
  2 centaurs (D:4)
  A necrophage (D:5)
  A scorpion (D:4)
  Terence (D:2)
  A gnoll (D:1)
  4 adders
  2 dart slugs
  2 orcs
  3 bats
  3 endoplasms
  3 giant cockroaches (D:1)
  9 goblins
  7 hobgoblins
  8 jackals
  7 quokkas
  5 ball pythons
  A frilled lizard (D:1)
  5 kobolds
  6 rats
71 creatures vanquished.

Vanquished Creatures (others)
  2 demonic plants (D:3)
2 creatures vanquished.

Grand Total: 73 creatures vanquished

Notes
Turn   | Place    | Note
-------+----------+-------------------------------------------
     0 | D:1      | exilicon the Demonspawn Necromancer began the quest for the
                  | Orb.
     0 | D:1      | Reached XP level 1. HP: 13/13 MP: 3/3
   677 | D:1      | Gained mutation: A weak demonic guardian rushes to your
                  | aid. [demonic ancestry]
   677 | D:1      | Reached XP level 2. HP: 11/19 MP: 0/5
  1360 | D:1      | Reached skill level 5 in Necromancy
  1396 | D:1      | Gained mutation: You may rarely emit foul miasma when
                  | damaged in melee. [demonic ancestry]
  1396 | D:1      | Reached XP level 3. HP: 14/24 MP: 3/6
  2596 | D:2      | Identified the +2 robe of Distant Shores {rF+ Will+ Stlth+}
  2748 | D:2      | Reached XP level 4. HP: 30/30 MP: 7/7
  2973 | D:2      | Noticed Terence
  2987 | D:2      | Killed Terence
  3273 | D:3      | Found a shadowy altar of Dithmenos.
  3354 | D:3      | Found a faded altar of an unknown god.
  3354 | D:3      | Noticed a sun demon
  3370 | D:3      | Prayed at the altar of an unknown god.
  3370 | D:3      | Became a worshipper of Uskayaw the Reveller
  3370 | D:3      | Reached * piety under Uskayaw
  3409 | D:3      | Reached ** piety under Uskayaw
  3548 | D:3      | Found Kabaur's Jewellery Shop.
  3579 | D:3      | Identified the +2 robe "Soshob" {Dex+6 Stlth+}
  3656 | D:3      | Found a shimmering blue altar of Sif Muna.
  3871 | D:4      | Noticed a centaur
  3881 | D:4      | Reached *** piety under Uskayaw
  3882 | D:4      | Killed a centaur
  3883 | D:4      | Reached skill level 1 in Fighting
  3883 | D:4      | Reached XP level 5. HP: 12/37 MP: 5/9
  4247 | D:4      | Gained mutation: You have a pair of small horns on your
                  | head. [demonic ancestry]
  4247 | D:4      | Reached XP level 6. HP: 32/43 MP: 10/10
  4358 | D:4      | Reached skill level 6 in Necromancy
  4541 | D:4      | Found Fybeofem's Assorted Antiques.
  4559 | D:4      | Found a stormy altar of Qazlal.
  4799 | D:5      | Entered Level 5 of the Dungeon
  4805 | D:5      | Learned a level 1 spell: Animate Skeleton
  4809 | D:5      | Learned a level 3 spell: Vampiric Draining
  4815 | D:5      | Learned a level 5 spell: Agony
  4890 | D:5      | Found a runed translucent door.
  4911 | D:5      | HP: 1/43 [something/magic dart (8)]
  4911 | D:5      | Slain by an orc wizard

Illustrated notes

Levels and vault maps discovered:
D:1:      dpeg_arrival_tiny_g, layout_basic, chequers_serial_rivers_large_a,
          minmay_domino_2
D:2:      layout_rooms, uniq_terence
D:3:      layout_loops_cross, lemuel_blue_sif_altar, lemuel_tele_altar,
          dreamdust_ecumenical_altar_sealed_demon, serial_shops, shop
D:4:      dreamdust_elfheim, layout_gridville, old_standard_altar, serial_shops,
          shop, grunt_decor_mini_mirrors
D:5:      kennysheep_steamy, layout_layer_cave, kennysheep_okawaru_gauntlet,
          minmay_temple_entry_offerings, ebering_ghost_sewer_f,
          uniq_crazy_yiuf_cottage, uniq_menkaure

Skill      XL: |  1  2  3  4  5  6 |
---------------+-------------------+-----
Necromancy     | 5 6 |  6.0
Stealth        | 2 3 4 |  4.0
Fighting       | 1 |  1.9
Spellcasting   | 3 |  3.4
Dodging        | 2 |  2.0

Action                   |  1- 3 |  4- 6 || total
-------------------------+-------+-------++-------
Melee: Unarmed           |     3 |       ||     3
       Dagger            |    77 |    82 ||   159
       Punch             |     1 |       ||     1
       Headbutt          |       |     3 ||     3
 Cast: Pain              |    27 |    14 ||    41
 Stab: Sleeping          |     2 |     9 ||    11
       Distracted        |       |     1 ||     1
       Paralysed         |       |     1 ||     1
Armor: Robe              |    16 |    27 ||    43
Dodge: Dodged            |    64 |    64 ||   128

Table legend: (Time is in decaauts)
 A = Elapsed time spent in this place.
 B = Non-inter-level travel time spent in this place.
 C = Inter-level travel time spent in this place.
 D = Time resting spent in this place.
 E = Time spent auto-exploring this place.
 F = Levels seen in this place.
 G = Mean time per level.
                   A        B        C        D        E       F      G
               +--------+--------+--------+--------+--------+-----+--------+
         Total |   4924 |   4820 |    104 |   1812 |   1992 |   5 |  984.8 |
       Dungeon |   4924 |   4820 |    104 |   1812 |   1992 |   5 |  984.8 |
               +--------+--------+--------+--------+--------+-----+--------+

Top non-repeatable levels by time:
     D:1: 2540 daAuts
     D:4: 927 daAuts
     D:2: 672 daAuts
     D:3: 671 daAuts
     D:5: 111 daAuts
